 Dungeon Crawl Stone Soup version 0.27-a0-1090-gb115f176c6 (webtiles) character file.

Game seed: 12462416902701205082

501 voltaire321 the Shield-Bearer (level 7, -1/49 HPs)
             Began as an Octopode Fighter on Apr 27, 2021.
             Slain by a gnoll sergeant
             ... wielding a +0 spear
              (7 damage)
             ... on level 5 of the Dungeon.
             The game lasted 00:13:49 (4969 turns).

voltaire321 the Shield-Bearer (Octopode Fighter)    Turns: 4969, Time: 00:13:50

Health: -1/49      AC:  1    Str: 15    XL:     7   Next: 17%
Magic:  7/7        EV: 12    Int: 10    God:
Gold:   226        SH:  9    Dex: 14    Spells: 6/6 levels left

rFire    . . .     SeeInvis .   a - +0 trident
rCold    . . .     Faith    .   b - +0 kite shield
rNeg     . . .     Spirit   .   (helmet restricted)
rPois    .         Reflect  .   (no amulet)
rElec    .         Harm     .   (no ring)
rCorr    .         Rampage  .   (no ring)
Will     .....                  (no ring)
Stlth    ++........             (no ring)
HPRegen  0.16/turn              (no ring)
MPRegen  0.10/turn              (no ring)
                                (no ring)
                                (no ring)

@: no status effects
A: almost no armour, amphibious, 8 rings, camouflage 1, gelatinous body 1,
(nimble swimmer 1), tentacles
a: no special abilities


You were on level 5 of the Dungeon.
You visited 1 branch of the dungeon, and saw 5 of its levels.

You collected 268 gold pieces.
You spent 42 gold pieces at shops.

Inventory:

Hand Weapons
 a - a +0 trident (weapon)
Missiles
 i - 16 poisoned darts (quivered)
 o - 8 curare-tipped darts
Armour
 b - a +0 kite shield (worn)
Wands
 e - a wand of paralysis (9)
Scrolls
 f - 2 scrolls of immolation {unknown}
 g - 6 scrolls of identify {unknown}
 h - a scroll of fog {unknown}
 l - a scroll of teleportation {unknown}
 p - a scroll of blinking {unknown}
 q - a scroll of magic mapping {unknown}
 r - a scroll of fear {unknown}
Potions
 c - a potion of might
 d - a potion of heal wounds {unknown}
 j - a potion of cancellation {unknown}
 k - a potion of degeneration {unknown}
 m - a potion of berserk rage {unknown}
 n - 3 potions of brilliance {unknown}


   Skills:
 + Level 4.5 Fighting
 + Level 3.9 Polearms
 + Level 1.8 Throwing
 + Level 4.5 Dodging
 + Level 4.6 Shields


You had 6 spell levels left.
You didn't know any spells.
Your spell library contained the following spells:

 Spells                   Type           Power      Damage    Failure   Level
 Beastly Appendage        Tmut           0%         N/A       82%         1
 Wereblood                Tmut           0%         N/A       91%         2
 Spider Form              Tmut/Pois      0%         N/A       99%         3
 Ice Form                 Ice/Tmut       0%         N/A       100%        4
 Hydra Form               Tmut           0%         N/A       100%        5


Dungeon Overview and Level Annotations

Branches:
Dungeon (5/15)
 Temple: D:4-7

Altars:

Shops:
D:1 !


Innate Abilities, Weirdness & Mutations

You cannot wear most types of armour.
You are amphibious.
You can wear up to eight rings at the same time.
Your skin changes colour to match your surroundings (Stealth+).
Your rubbery body absorbs attacks. (AC +1, EV +1)
((You are camouflaged near water. (Stealth+)))
You have tentacles for arms and can constrict up to eight enemies at once.


Message History

Press: ? - help, Dir - move target, f/p - gnoll sergeant
Aim: a gnoll sergeant, wielding a +0 spear, wearing a +2 ring mail of poison resistance and wearing a +2 buckler (moderately wounded, about 32% to evade your +0 trident)
You reach to attack!
The gnoll sergeant blocks your attack.
The gnoll sergeant is moderately wounded.
The gnoll sergeant hits you from afar with a +0 spear.
You block the gnoll sergeant's attack.
Reach: a) +0 trident
Press: ? - help, Dir - move target, f/p - gnoll sergeant
Aim: a gnoll sergeant, wielding a +0 spear, wearing a +2 ring mail of poison resistance and wearing a +2 buckler (moderately wounded, about 32% to evade your +0 trident)
You reach to attack!
You hit the gnoll sergeant.
The gnoll sergeant is heavily wounded.
You block the gnoll sergeant's attack.
Reach: a) +0 trident
Press: ? - help, Dir - move target, f/p - gnoll sergeant
Aim: a gnoll sergeant, wielding a +0 spear, wearing a +2 ring mail of poison resistance and wearing a +2 buckler (heavily wounded, about 32% to evade your +0 trident)
You reach to attack!
You hit the gnoll sergeant but do no damage.
The gnoll sergeant is heavily wounded.
The gnoll sergeant hits you from afar with a +0 spear!
Reach: a) +0 trident
Press: ? - help, Dir - move target, f/p - gnoll sergeant
Aim: a gnoll sergeant, wielding a +0 spear, wearing a +2 ring mail of poison resistance and wearing a +2 buckler (heavily wounded, about 32% to evade your +0 trident)
You reach to attack!
Your shield prevents you from hitting the gnoll sergeant.
The gnoll sergeant is heavily wounded.
You block the gnoll sergeant's attack.
You are too injured to fight recklessly!
You are too injured to fight recklessly!
You are too injured to fight recklessly!
Reach: a) +0 trident
Press: ? - help, Dir - move target, f/p - gnoll sergeant
Aim: a gnoll sergeant, wielding a +0 spear, wearing a +2 ring mail of poison resistance and wearing a +2 buckler (heavily wounded, about 32% to evade your +0 trident)
You reach to attack!
You hit the gnoll sergeant.
The gnoll sergeant is severely wounded.
The gnoll sergeant hits you from afar with a +0 spear!
* * * LOW HITPOINT WARNING * * *
The gnoll sergeant barely misses you.
Okay, then.
The gnoll sergeant hits you from afar with a +0 spear!
You die...

########## #........#
#........# ########
#........#
.......#######........####
................@.........
...........................
.........#########g...####..
.......#....######.##..## .o
##.########.)))##.........
.. #.# ####)........... #.
#.##
........)#.........#####.#
##..#
.........#...........o....
.##.#
......(..#................


You could see a gnoll sergeant.

Vanquished Creatures
  A centaur (D:4)
  A bullfrog skeleton (D:4)
  An orc priest (D:5)
  2 iguanas
  3 orc wizards
  Robin (D:3)
  A hound skeleton (D:4)
  A gnoll (D:5)
  4 adders
  2 howler monkey skeletons
  2 worms
  19 orcs
  6 endoplasms
  4 giant cockroaches
  18 goblins
  10 hobgoblins
  15 jackals
  7 kobolds
  2 quokkas
  2 ball pythons
  8 bats
  7 frilled lizards
  4 rats
121 creatures vanquished.

Notes
Turn   | Place    | Note
-------+----------+-------------------------------------------
     0 | D:1      | voltaire321 the Octopode Fighter began the quest for the
                  | Orb.
     0 | D:1      | Reached XP level 1. HP: 16/16 MP: 1/1
   120 | D:1      | Reached XP level 2. HP: 14/21 MP: 2/2
   373 | D:1      | Found Weos's Distillery.
   381 | D:1      | Bought a potion of curing for 42 gold pieces
   617 | D:1      | Reached XP level 3. HP: 22/26 MP: 3/3
   802 | D:1      | You fall into a shaft and drop 1 floor!
  1583 | D:2      | Reached XP level 4. HP: 31/31 MP: 4/4
  2074 | D:3      | Identified the +2 helmet of Purpose {rF+ SInv}
  2074 | D:3      | Noticed Robin
  2081 | D:3      | Killed Robin
  2240 | D:3      | Reached XP level 5. HP: 22/37 MP: 5/5
  3231 | D:4      | Reached XP level 6. HP: 34/43 MP: 6/6
  3388 | D:4      | Reached skill level 1 in Throwing
  4491 | D:5      | Entered Level 5 of the Dungeon
  4540 | D:5      | Reached XP level 7. HP: 19/49 MP: 7/7
  4969 | D:5      | Slain by a gnoll sergeant

Illustrated notes

Levels and vault maps discovered:
D:1:      dpeg_arrival_stonehenge_12_columns, layout_basic, serial_shops,
          nicolae_shop_waterfront
D:2:      layout_basic, minmay_tetromino_o2
D:3:      layout_loops_ring, uniq_robin
D:4:      layout_cave_pods, serial_column_ruins, column_ruins_hut,
          column_ruins_hut_pillars, column_ruins_corridor_corner,
          column_ruins_open_tiny, column_ruins_open_small_water,
          column_ruins_grid_3
D:5:      layout_rooms, minmay_temple_entry_slanted, lemuel_flamethrower_1

Skill      XL: |  1  2  3  4  5  6 |
---------------+-------------------+-----
Polearms       | 3 |  3.9
Dodging        | 4 |  4.5
Shields        | 4 |  4.6
Fighting       | 4 |  4.5
Throwing       | 1 |  1.8

Action                   |  1- 3 |  4- 6 |  7- 9 || total
-------------------------+-------+-------+-------++-------
Melee: Trident           |    89 |   151 |    20 ||   260
       Constrict         |    23 |    33 |     4 ||    60
       Tentacles         |    10 |    25 |     2 ||    37
Throw: Dart              |       |       |    13 ||    13
  Use: Potion            |       |     1 |       ||     1
 Stab: Sleeping          |     7 |     8 |       ||    15
       Distracted        |       |     1 |       ||     1
Armor: Skin              |    10 |     8 |     1 ||    19
Dodge: Dodged            |    35 |    56 |    13 ||   104
Block: Kite shield       |    40 |    61 |    16 ||   117

Table legend: (Time is in decaauts)
 A = Elapsed time spent in this place.
 B = Non-inter-level travel time spent in this place.
 C = Inter-level travel time spent in this place.
 D = Time resting spent in this place.
 E = Time spent auto-exploring this place.
 F = Levels seen in this place.
 G = Mean time per level.
                   A        B        C        D        E       F      G
               +--------+--------+--------+--------+--------+-----+--------+
         Total |   5070 |   4984 |     86 |   1536 |   2421 |   5 | 1014.0 |
       Dungeon |   5070 |   4984 |     86 |   1536 |   2421 |   5 | 1014.0 |
               +--------+--------+--------+--------+--------+-----+--------+

Top non-repeatable levels by time:
     D:4: 1921 daAuts
     D:2: 1048 daAuts
     D:3: 1033 daAuts
     D:1: 823 daAuts
     D:5: 244 daAuts
